 Dungeon Crawl Stone Soup version 0.22-a0-619-ga0c6fd2 (webtiles) character file.

96648 jamsan the Crack Shot (level 15, 0/134 HPs)
             Began as a Centaur Hunter on July 14, 2018.
             Was a High Priest of Okawaru.
             Slain by a ghost moth (12 damage)
             ... on level 2 of the Spider Nest.
             The game lasted 02:36:13 (46566 turns).

jamsan the Crack Shot (Centaur Hunter)             Turns: 46566, Time: 02:36:13

Health: 0/134      AC: 19    Str: 21      XL:     15   Next: 69%
Magic:  0/18       EV:  8    Int:  9 (10) God:    Okawaru [*****.]
Gold:   2369       SH:  0    Dex: 16      Spells: 14/14 levels left

rFire    + . .     SeeInvis +   a - +3 longbow (flame)
rCold    . . .     Gourm    .   (shield currently unavailable)
rNeg     + . .     Faith    .   Z - +2 robe of Disaster {rElec rN+ Dex+3 SInv}
rPois    +         Spirit   +   w - +1 helmet
rElec    +         Reflect  .   e - +2 cloak {rF+}
rCorr    .         Harm     .   L - +0 pair of gloves
MR       +....                  W - +1 centaur barding {Stlth+}
Stlth    +++.......             G - amulet of guardian spirit
HPRegen  0.32/turn              Y - +3 ring of dexterity
MPRegen  0.16/turn              M - ring of poison resistance

@: about to teleport, very quick
A: large, hooves 3, deformed body, speed 2, tough skin 3
a: Heroism, Finesse, Renounce Religion


You were on level 2 of the Spider Nest.
You worshipped Okawaru.
Okawaru was extremely pleased with you.
You were not hungry.

You visited 5 branches of the dungeon, and saw 26 of its levels.
You also visited: Bailey and Volcano.

You collected 2817 gold pieces.
You spent 448 gold pieces at shops.

Inventory:

Hand Weapons
 a - a +3 longbow of flaming (weapon)
 b - the +10 triple sword of Mandamus {flame, Str+2}
   (You found it on level 9 of the Dungeon)

   It has been specially enchanted to burn those struck by it, causing extra
   injury to most foes and up to half again as much damage against particularly
   susceptible opponents.
   Big, fiery blades are also staple armaments of hydra-hunters.
   It affects your strength (+2).
Missiles
 d - 686 arrows (quivered)
Armour
 e - a +2 cloak of fire resistance (worn)
 w - a +1 helmet (worn)
 E - a +3 plate armour of fire resistance
 L - a +0 pair of gloves (worn)
 W - a +1 centaur barding of stealth (worn)
 Z - the +2 robe of Disaster (worn) {rElec rN+ Dex+3 SInv}
   (You found it on level 6 of the Lair of Beasts)

   It affects your dexterity (+3).
   It insulates you from electricity.
   It protects you from negative energy.
   It lets you see invisible.
Jewellery
 B - a +2 ring of evasion
 G - an amulet of guardian spirit (around neck)
 M - a ring of poison resistance (right hand)
 Y - a +3 ring of dexterity (left hand)
Wands
 u - a wand of flame (64)
 A - a wand of clouds (5)
 D - a wand of digging (13)
 H - a wand of paralysis (28)
 K - a wand of iceblast (24)
 N - a wand of polymorph (7)
 P - a wand of disintegration (3)
 T - a wand of acid (1)
Scrolls
 j - 5 scrolls of amnesia
 l - 4 scrolls of remove curse
 m - 6 scrolls of immolation
 n - 3 scrolls of identify
 p - 2 scrolls of enchant armour {unknown}
 q - a scroll of fog {unknown}
 s - 2 scrolls of enchant weapon
 x - 3 scrolls of teleportation
 y - 4 scrolls of magic mapping
 C - 4 scrolls of blinking {unknown}
 I - a scroll of summoning
 J - 2 scrolls of fear
 X - 3 scrolls of torment {unknown}
Potions
 g - 8 potions of curing
 h - 2 potions of agility
 i - 3 potions of lignification
 k - 6 potions of resistance
 o - 6 potions of mutation
 r - a potion of heal wounds
 t - 5 potions of haste
 v - 7 potions of brilliance
 z - a potion of magic
 F - 5 potions of flight
 O - 2 potions of invisibility
 Q - a potion of ambrosia
 S - a potion of berserk rage
 U - 2 potions of might
Miscellaneous
 c - a lightning rod (3/4)
 R - a lamp of fire (inert)
Comestibles
 f - 25 rations
 V - 3 chunks of flesh


   Skills:
 * Level 12.9 Fighting
 * Level 26.7 Bows
 + Level 6.4 Armour
 - Level 1.3 Dodging
 - Level 0.4 Stealth
 + Level 4.4 Invocations


You had 14 spell levels left.
You didn't know any spells.
Your spell library contained the following spells:

 Spells                   Type           Power        Failure   Level  Hunger
 Magic Dart               Conj           #...         38%         1    ##.....
 Apportation              Tloc           #.....       38%         1    ##.....
 Conjure Flame            Conj/Fire      #.......     77%         3    ####...
 Bolt of Magma            Conj/Fire/Erth #.........   100%        5    ######.
 Slow                     Hex            #.......     52%         2    ###....
 Confuse                  Hex            #.......     77%         3    ####...
 Invisibility             Hex            #.......     100%        6    #######
 Mephitic Cloud           Conj/Pois/Air  #.......     77%         3    ####...
 Venom Bolt               Conj/Pois      #.........   100%        5    ######.
 Blink                    Tloc           N/A          52%         2    ###....
 Call Imp                 Summ           #.......     52%         2    ###....
 Regeneration             Chrm/Necr      #.........   77%         3    ####...
 Tukima's Dance           Hex            #.......     77%         3    ####...
 Iron Shot                Conj/Erth      #.........   100%        6    #######
 Spider Form              Tmut/Pois      #.........   77%         3    ####...
 Blade Hands              Tmut           #.........   100%        5    ######.
 Statue Form              Tmut/Erth      #........    100%        6    #######
 Ice Form                 Ice/Tmut       #.......     99%         4    #####..
 Sticks to Snakes         Tmut           #.......     52%         2    ###....
 Ensorcelled Hibernation  Hex/Ice        #.....       52%         2    ###....
 Summon Butterflies       Summ           #.......     38%         1    ##.....
 Shatter                  Erth           #.........   100%        9    #######
 Corona                   Hex            #......      38%         1    ##.....
 Alistair's Intoxication  Tmut/Pois      #.......     100%        5    ######.
 Orb of Destruction       Conj           #.........   100%        7    #######
 Leda's Liquefaction      Hex/Erth       #.........   99%         4    #####..
 Shroud of Golubria       Chrm/Tloc      #.........   52%         2    ###....
 Beastly Appendage        Tmut           #.....       38%         1    ##.....
 Iskenderun's Battlesphe  Conj/Chrm      #.......     100%        5    ######.
 Dazzling Spray           Conj/Hex       #.....       77%         3    ####...
 Infusion                 Chrm           #...         38%         1    ##.....
 Song of Slaying          Chrm           #.......     52%         2    ###....
 Spectral Weapon          Hex/Chrm       #.......     77%         3    ####...
 Spellforged Servitor     Conj/Summ      #.........   100%        7    #######
 Lesser Beckoning         Tloc           #.........   77%         3    ####...


Dungeon Overview and Level Annotations

Branches:
Dungeon (15/15)            Temple (1/1) D:6            Lair (6/6) D:8
 Shoals (0/4) Lair:4       Spider (2/4) Lair:3        Slime (0/5) Lair:6
    Orc (2/2) D:9             Elf (0/3) Orc:2        Vaults (0/5) D:13
 Depths (0/5) D:15

Altars:
Ashenzari
Cheibriados
Dithmenos
Elyvilon
Fedhas
Gozag
Hepliaklqana
Kikubaaqudgha
Makhleb
Nemelex Xobeh
Okawaru
Qazlal
Ru
Sif Muna
Trog
Uskayaw
Vehumet
Wu Jian
Xom
Yredelemnul
Zin
The Shining One
Beogh

Shops:
D:8 [   D:14 ?   Orc:2 !(:*

Annotations:
Lair:2 exclusion: 2 oklob plants
Lair:3 exclusion: downstairs


Innate Abilities, Weirdness & Mutations

You have hooves in place of feet.
Armour fits poorly on your strangely shaped body.
You cover ground very quickly.
You have extremely tough skin. (AC +3)


Message History

The redback bites you but does no damage.
The redback bites you.
* * * LOW HITPOINT WARNING * * *
The ghost moth stares at you.
The ghost moth hits you but does no damage.
The ghost moth barely misses you.
The ghost moth stings you but does no damage.
The redback looks as sick as possible!
The redback bites you!
* * * LOW HITPOINT WARNING * * *
You feel much better. The redback bites you.
* * * LOW HITPOINT WARNING * * *
The redback is engulfed in poison gas.
The redback looks as sick as possible!
The redback bites you but does no damage.
The redback bites you.
* * * LOW HITPOINT WARNING * * *
A redback comes into view.
The ghost moth hits you.
* * * LOW HITPOINT WARNING * * *
The ghost moth hits you!
You die...

## #^.# ###
.#...#@##
..s.s.ssy##
...###.§§§#
#..§§§#
##.##§§# ##
..## (^^.
..#.##
.#..##


You could see a ghost moth (invisible) and 4 redbacks.

Vanquished Creatures
  Asterion (Spider:2)
  A frost giant (D:15)
  The ghost of Yhot the Brawler, a journeyman MiBe of Trog (Orc:1)
  A stone giant (Orc:1)
  2 fire dragons
  Josephine (Orc:1)
  A yaktaur captain (D:13)
  3 centaur warriors
  8 hydras
  Erica (D:10)
  6 two-headed ogres
  A death knight (D:10)
  2 death yaks
  The ghost of sking99 the Grappler, a novice VSTm of Ashenzari (D:10)
  A wizard (D:14)
  A swamp dragon (Lair:6)
  Pikel (D:5)
  4 wolf spiders
  12 ugly things
  The ghost of Amnesiac the Nimble, a novice SpTm of Okawaru (D:7)
  6 orc knights
  4 deep elf magi
  2 orb spiders (Spider:2)
  6 cyclopes
  14 elephants
  3 manticores
  3 salamanders (Volcano)
  3 centaur zombies
  2 torpor snails
  9 black mambas
  A guardian serpent (Lair:6)
  11 spiny frogs
  A gargoyle (D:12)
  3 demonic crawlers (Spider:1)
  2 efreet (D:15)
  2 rime drakes (Lair:6)
  2 yaktaurs (D:13)
  7 trolls
  5 komodo dragons
  A jumping spider (Spider:1)
  A polar bear (Lair:4)
  2 hornets
  14 hippogriffs
  A dream sheep (Lair:6)
  Prince Ribbit (D:9)
  7 blink frogs
  A meliai zombie (D:10)
  3 vampires
  Sigmund (D:4)
  3 shadows
  6 redbacks
  3 tarantellas
  20 wyverns
  4 fire bats (Volcano)
  42 yaks
  5 wraiths
  5 basilisks
  7 steam dragons
  2 vampire mosquitoes
  2 wargs (Orc:2)
  A hungry ghost (D:15)
  Menkaure (D:7)
  3 soldier ants
  2 acid dragons
  12 water moccasins
  7 porcupines
  Duvessa (D:5)
  4 ice beasts
  35 orc warriors
  3 black bears
  2 phantoms
  A sky beast (D:8)
  2 slaves (D:5)
  A swamp drake (Lair:6)
  2 boggarts (D:15)
  An eye of draining (D:9)
  21 ogres
  15 centaurs
  14 wolves
  18 crocodiles
  4 big kobolds
  17 bullfrogs
  A wyvern zombie (D:14)
  Blork the orc (D:4)
  A water moccasin skeleton (D:11)
  A wyvern skeleton (D:10)
  Dowan (D:5)
  5 scorpions
  5 killer bees (D:9)
  4 wights
  7 howler monkeys
  4 electric eels
  2 quasits
  A bullfrog zombie (D:8)
  7 crimson imps
  7 hounds
  4 jellies
  15 orc priests
  3 bullfrog skeletons
  15 orc wizards
  Jessica (D:3)
  4 centaur skeletons
  6 iguanas
  8 hell rats
  15 worker ants
  2 centaur simulacra
  A hound zombie (D:9)
  A hound skeleton (D:10)
  A mummy (D:10)
  2 worker ant zombies (D:9)
  A gnoll (D:1)
  12 adders
  A howler monkey skeleton (D:9)
  11 river rats
  5 shadow imps
  5 worms
  A dart slug (D:2)
  7 leopard geckos
  86 orcs
  A ball python (D:6)
  A giant cockroach (D:5)
  8 goblins
  8 hobgoblins
  9 jackals
  A ball python zombie (D:5)
  11 bats
  5 frilled lizards
  21 kobolds
  8 rats
  A butterfly (Lair:4)
  A plant (Lair:6)
763 creatures vanquished.

Vanquished Creatures (others)
  A boggart (D:15)
  A bush (Lair:6)
  36 fungi
  67 plants
105 creatures vanquished.

Grand Total: 868 creatures vanquished

Notes
Turn   | Place    | Note
-------+----------+-------------------------------------------
     0 | D:1      | jamsan the Centaur Hunter began the quest for the Orb.
     0 | D:1      | Reached XP level 1. HP: 17/17 MP: 1/1
    77 | D:1      | Reached skill level 6 in Bows
    77 | D:1      | Reached XP level 2. HP: 14/24 MP: 2/2
   942 | D:1      | Reached XP level 3. HP: 23/29 MP: 3/3
  1970 | D:2      | Reached skill level 7 in Bows
  2265 | D:2      | Reached XP level 4. HP: 36/36 MP: 4/4
  2837 | D:3      | Noticed Jessica
  2841 | D:3      | Killed Jessica
  2841 | D:3      | Reached skill level 8 in Bows
  3013 | D:3      | Found an opulent altar of Gozag.
  3063 | D:3      | Found a stormy altar of Qazlal.
  3071 | D:3      | Found a deep blue altar of Sif Muna.
  3118 | D:3      | Found a faded altar of an unknown god.
  3127 | D:3      | Found a radiant altar of Vehumet.
  3135 | D:3      | Found a sacrificial altar of Ru.
  3329 | D:3      | Reached XP level 5. HP: 41/41 MP: 5/5
  3820 | D:4      | Noticed an ogre
  4136 | D:4      | Reached skill level 9 in Bows
  4308 | D:4      | Reached XP level 6. HP: 48/48 MP: 6/6
  4375 | D:4      | Noticed Blork the orc
  4415 | D:4      | Killed Blork the orc
  4415 | D:4      | Reached skill level 10 in Bows
  4777 | D:4      | Noticed Sigmund
  5164 | D:5      | Entered Level 5 of the Dungeon
  5211 | D:5      | Reached skill level 11 in Bows
  5211 | D:5      | Reached XP level 7. HP: 28/55 MP: 7/7
  5914 | D:5      | Noticed Duvessa
  5914 | D:5      | Noticed Dowan
  5999 | D:5      | Found a hazy altar of Hepliaklqana.
  6127 | D:5      | Found an ornate altar of the Wu Jian Council.
  6129 | D:5      | Found a hide-covered altar of Uskayaw.
  6131 | D:5      | Reached skill level 12 in Bows
  7097 | D:6      | Reached XP level 8. HP: 61/61 MP: 8/8
  7145 | D:6      | Found a staircase to the Ecumenical Temple.
  7244 | Temple   | Entered the Ecumenical Temple
  7293 | Temple   | Became a worshipper of Warmaster Okawaru
  7979 | D:7      | Noticed Menkaure
  8223 | D:6      | Reached skill level 13 in Bows
  8648 | D:7      | Found a runed gate.
  8649 | D:7      | Found a runed gate.
  8649 | D:7      | Found a runed gate.
  8654 | D:7      | Noticed Amnesiac's ghost (novice SpTm)
  8883 | D:7      | Reached skill level 14 in Bows
  8952 | D:7      | Reached * piety under Okawaru
  9555 | D:7      | Reached skill level 15 in Bows
  9631 | D:8      | Reached XP level 9. HP: 67/67 MP: 9/9
 10169 | D:8      | Found a staircase to the Lair.
 10229 | D:8      | Reached skill level 16 in Bows
 10452 | D:8      | Found Qexkeviu's Antique Armour Boutique.
 11321 | D:9      | Reached ** piety under Okawaru
 11966 | D:9      | Noticed Prince Ribbit
 11969 | D:9      | Noticed a two-headed ogre
 12051 | D:9      | Killed a two-headed ogre
 12051 | D:9      | Reached skill level 17 in Bows
 12178 | D:9      | Reached *** piety under Okawaru
 12303 | D:9      | Reached XP level 10. HP: 73/73 MP: 5/10
 12362 | D:9      | Found a staircase to the Orcish Mines.
 12688 | D:9      | Got a scorched triple sword
 12722 | D:9      | Killed Prince Ribbit
 12722 | D:9      | Reached skill level 18 in Bows
 12901 | D:10     | Entered Level 10 of the Dungeon
 12901 | D:10     | Noticed Erica
 14674 | D:10     | Reached **** piety under Okawaru
 14738 | D:10     | Found a transporter.
 14900 | D:10     | Reached skill level 19 in Bows
 14991 | D:10     | Noticed a death knight
 15100 | D:10     | Got a bone dagger
 15131 | D:10     | Found a transporter.
 15546 | D:11     | Noticed a cyan ugly thing
 15632 | D:11     | Killed a cyan ugly thing
 15632 | D:11     | Received a gift from Okawaru
 15745 | D:11     | Received a gift from Okawaru
 15745 | D:11     | Reached skill level 1 in Armour
 16004 | D:11     | Identified the +10 triple sword of Mandamus {flame, Str+2} (You found it on level 9 of the Dungeon)
 17713 | D:7      | Killed Menkaure
 17713 | D:7      | Received a gift from Okawaru
 17713 | D:7      | Reached XP level 11. HP: 82/82 MP: 11/11
 17899 | D:7      | Killed Amnesiac's ghost
 18007 | D:5      | Killed Dowan
 18251 | D:5      | Killed Duvessa
 18381 | D:5      | Noticed Pikel
 18462 | D:5      | Killed Pikel
 18462 | D:5      | Reached ***** piety under Okawaru
 18779 | D:4      | Killed Sigmund
 18779 | D:4      | Reached skill level 20 in Bows
 18916 | Lair:1   | Entered Level 1 of the Lair of Beasts
 20177 | Lair:1   | Received a gift from Okawaru
 20534 | Lair:1   | Found an opulent altar of Gozag.
 21059 | Lair:2   | Reached skill level 5 in Fighting
 21794 | Lair:2   | Noticed an oklob plant
 21835 | Lair:2   | Received a gift from Okawaru
 22114 | Lair:2   | Noticed a death yak
 22152 | Lair:2   | Killed a death yak
 22573 | Lair:2   | Noticed an oklob plant
 22667 | Lair:3   | Found a hole to the Spider Nest.
 22738 | Lair:3   | Received a gift from Okawaru
 23140 | Lair:3   | Reached skill level 21 in Bows
 23473 | Lair:2   | Reached XP level 12. HP: 92/96 MP: 12/12
 25697 | Lair:3   | Received a gift from Okawaru
 26067 | Lair:3   | HP: 2/97 [spiny frog (11)]
 26512 | Lair:4   | Received a gift from Okawaru
 26541 | Lair:4   | Reached skill level 5 in Armour
 26923 | Lair:4   | Found the +4 skin of Zhor {rC+++}
 27199 | Lair:4   | Found a staircase to the Shoals.
 27678 | Lair:5   | Reached skill level 22 in Bows
 27892 | Lair:5   | Noticed a death yak
 27937 | Lair:4   | Killed a death yak
 27937 | Lair:4   | Received a gift from Okawaru
 28331 | Lair:5   | Noticed a four-headed hydra
 28336 | Lair:5   | Killed a four-headed hydra
 29200 | Lair:5   | Reached XP level 13. HP: 107/107 MP: 13/13
 29209 | Lair:5   | Received a gift from Okawaru
 29752 | Lair:6   | Entered Level 6 of the Lair of Beasts
 29896 | Lair:6   | Received a gift from Okawaru
 30186 | Lair:6   | Received a gift from Okawaru
 30294 | Lair:6   | Received a gift from Okawaru
 30305 | Lair:6   | Reached skill level 23 in Bows
 30363 | Lair:6   | Reached ****** piety under Okawaru
 30543 | Lair:6   | Received a gift from Okawaru
 30767 | Lair:6   | Received a gift from Okawaru
 30888 | Lair:6   | Received a gift from Okawaru
 31100 | Lair:6   | Paralysed by a hornet for 3 turns
 31758 | Lair:6   | Reached skill level 10 in Fighting
 32389 | Lair:6   | Noticed a fire dragon
 32406 | Lair:6   | Reached skill level 24 in Bows
 32485 | Lair:6   | Killed a fire dragon
 32621 | Lair:6   | Found a staircase to the Slime Pits.
 32791 | Lair:6   | Got a brightly glowing robe
 32802 | Lair:6   | Identified the +2 robe of Disaster {rElec rN+ Dex+3 SInv} (You found it on level 6 of the Lair of Beasts)
 32950 | Lair:6   | Identified the cursed +1 dagger "Elauv" {venom, rF- Int+7} (You found it on level 10 of the Dungeon)
 33707 | D:10     | Noticed sking99's ghost (novice VSTm)
 34146 | D:12     | Reached XP level 14. HP: 122/122 MP: 14/14
 34921 | D:13     | Found a gate to the Vaults.
 34987 | D:13     | Found a flagged portal.
 35002 | Bailey   | Entered a bailey
 35252 | Bailey   | Received a gift from Okawaru
 35931 | D:13     | Received a gift from Okawaru
 36596 | D:14     | Found Moisal's Magic Scroll Shoppe.
 36845 | D:14     | Received a gift from Okawaru
 37017 | D:14     | Reached skill level 25 in Bows
 37176 | D:14     | Received a gift from Okawaru
 37603 | Orc:1    | Entered Level 1 of the Orcish Mines
 37608 | Orc:1    | Noticed a stone giant
 37619 | Orc:1    | Killed a stone giant
 37619 | Orc:1    | Received a gift from Okawaru
 37947 | Orc:2    | Entered Level 2 of the Orcish Mines
 37972 | Orc:2    | Found a dark tunnel.
 37980 | Volcano  | Entered a volcano
 38710 | Volcano  | Received a gift from Okawaru
 40051 | Orc:2    | Found a staircase to the Elven Halls.
 40127 | Orc:2    | Received a gift from Okawaru
 40659 | Orc:2    | Reached XP level 15. HP: 56/132 MP: 12/15
 40679 | Orc:2    | Received a gift from Okawaru
 41037 | Orc:2    | Found Qoor's Antique Weapon Emporium.
 41037 | Orc:2    | Found Doczejik's Book Shop.
 41071 | Orc:2    | Found Gaonyd's Assorted Antiques.
 41073 | Orc:2    | Found Lucoluet's Distillery.
 41085 | Orc:2    | Bought a potion of invisibility for 112 gold pieces
 41085 | Orc:2    | Bought a potion of might for 56 gold pieces
 41085 | Orc:2    | Bought a potion of haste for 140 gold pieces
 41085 | Orc:2    | Bought 2 potions of heal wounds for 140 gold pieces
 41448 | Orc:2    | Found a roughly hewn altar of Beogh.
 41918 | Orc:1    | Reached skill level 26 in Bows
 41932 | Orc:1    | Found a runed door.
 41942 | Orc:1    | Noticed Yhot's ghost (journeyman MiBe)
 41958 | Orc:1    | Noticed Josephine
 41962 | Orc:1    | Killed Josephine
 42221 | Orc:1    | Killed Yhot's ghost
 42221 | Orc:1    | Received a gift from Okawaru
 42279 | Orc:1    | Got an ancient plate armour
 42290 | Orc:1    | Identified the +2 plate armour of Mutualism {rPois Int+2} (You found it on level 1 of the Orcish Mines)
 42561 | D:10     | Killed sking99's ghost
 42561 | D:10     | Reached skill level 1 in Invocations
 43094 | D:15     | Entered Level 15 of the Dungeon
 44017 | D:15     | Noticed a frost giant
 44038 | D:15     | Killed a frost giant
 44364 | D:15     | Found a staircase to the Depths.
 45180 | D:10     | Killed Erica
 45373 | Spider:1 | Entered Level 1 of the Spider Nest
 46389 | Spider:2 | Noticed Asterion
 46392 | Spider:2 | Noticed an Executioner
 46398 | Spider:2 | Killed Asterion
 46399 | Spider:2 | Received a gift from Okawaru
 46547 | Spider:2 | HP: 1/134 [demonic crawler (10)]
 46555 | Spider:2 | Noticed a ghost moth
 46565 | Spider:2 | HP: 2/134 [redback (9)]
 46566 | Spider:2 | Slain by a ghost moth

Vault maps used:
D:1:      erik_arrival_cave_to_civilisation
D:2:      first_ration
D:3:      overflow_temple_1_default, nicolae_overflow_quartered_altars,
          chequers_ecumenical_altar_simple, uniq_jessica
D:4:      serial_bayou_pond_d, uniq_sigmund, uniq_blork_the_orc
D:5:      kennysheep_mini, chequers_temple_overflow_statue_of_worship,
          uniq_duvessa, uniq_pikel
D:6:      minmay_temple_entry_statues_fountains, moated_statue, corexii_shack
D:7:      ebering_ghost_rock_garden, uniq_menkaure
D:8:      lair_entry_dummy, serial_shops, shop_fountains, grunt_ogre_cave
D:9:      orc_0_dummy, uniq_prince_ribbit1
D:10:     gammafunk_ghost_mausoleum, uniq_erica
D:11:     fountainhead
D:13:     david_vaults_2, enter_bailey_3
D:14:     serial_shops, shop, kennysheep_nub
D:15:     grunt_enter_depths_snipers
Temple:   jpeg_temple_clearing
Lair:1:   lemuel_centaur_altar, grunt_megastairs_4, serial_bayou_shore_a,
          serial_bayou_shore_b
Lair:2:   lemuel_fruit_fields, grunt_megastairs_2, minmay_lair_oklob_chamber
Lair:3:   dummy_spider_entry, minivault_24, kennysheep_rathole,
          infiniplex_staircase_pool_2, serial_bayou_shore_b
Lair:4:   minmay_shoals_entry_beasts, lemuel_fruit_fields, lemuel_fruit_fields
Lair:5:   serial_bayou_lagoon_a, minivault_27, grunt_megastairs_3,
          lemuel_fruit_tree
Lair:6:   hangedman_lair_tendril_chambers, guppyfry_lair_end_dragon,
          dpeg_slime_entry_corner, grunt_forest_small_clearings, st_stairs_8
Spider:2: zaba_antful_of_joy, uniq_asterion
Orc:1:    ebering_ghost_inner_flame, uniq_josephine
Orc:2:    st_orc_rangers, lightli_volcano_entry_magma_tube, minmay_orc_temple_a
Bailey:   bailey_polearm_1, bailey
Volcano:  pf_volcano_lost_world

Skill      XL: |  1  2  3  4  5  6  7  8  9 10 11 12 13 14 15 |
---------------+----------------------------------------------+-----
Bows           | 6 7 8 9 11 12 15 17 19 21 22 24 25 26 | 26.7
Armour         | 2 4 5 6 |  6.4
Fighting       | 3 6 8 10 12 | 12.9
Invocations    | 4 |  4.4
Dodging        | |  1.3
Stealth        | |  0.4

Action                   |  1- 3 |  4- 6 |  7- 9 | 10-12 | 13-15 || total
-------------------------+-------+-------+-------+-------+-------++-------
Melee: Short sword       |    86 |    37 |       |       |       ||   123
       Kick              |    14 |    10 |       |    17 |    43 ||    84
       Unarmed           |     9 |       |       |       |       ||     9
       Shortbow          |       |     1 |       |       |       ||     1
       Triple sword      |       |       |       |    62 |   117 ||   179
 Fire: Shortbow          |    27 |   121 |   462 |  1137 |       ||  1747
       Longbow           |       |       |       |    47 |  1158 ||  1205
Throw: Throwing net      |       |       |       |     1 |       ||     1
Invok: Heroism           |       |       |       |     1 |    12 ||    13
       Finesse           |       |       |       |     1 |     8 ||     9
Evoke: Wand              |       |     2 |    14 |    12 |     1 ||    29
       Lightning rod     |       |       |       |     4 |     4 ||     8
       Lamp of fire      |       |       |       |       |     2 ||     2
  Use: Scroll            |       |       |    14 |    11 |    19 ||    44
       Potion            |       |       |       |     6 |    13 ||    19
 Stab: Sleeping          |       |       |       |       |     2 ||     2
  Eat: Chunk             |     3 |     8 |    10 |    18 |    27 ||    66
       Ration            |       |       |     2 |     7 |     5 ||    14
Armor: Leather armour    |    42 |    30 |     3 |       |       ||    75
       Ring mail         |       |       |    42 |    97 |       ||   139
       Scale mail        |       |       |       |   150 |    57 ||   207
       Robe              |       |       |       |       |   225 ||   225
       Plate armour      |       |       |       |       |    75 ||    75
Dodge: Dodged            |    53 |    35 |    40 |   152 |   229 ||   509
       Rpst.: Triple sword |       |       |       |    12 |    32 ||    44

Table legend:
 A = Spawn XP
 B = Non-spawn XP
 C = Spawn XP percentage of total XP
 D = Spawn monster count
 E = Non-spawn monster count
 F = Spawn count percentage of total count
 G = Total turns spent on level
                    A         B        C        D         E        F      G
               +---------+---------+-------+---------+---------+-------+---------
         Total |       0 |  138069 |   0.0 |       0 |     760 |   0.0 | 46566
               +---------+---------+-------+---------+---------+-------+---------
           D:1 |       0 |      45 |   0.0 |       0 |      23 |   0.0 |  1566
           D:2 |       0 |      76 |   0.0 |       0 |      20 |   0.0 |  1249
           D:3 |       0 |     235 |   0.0 |       0 |      17 |   0.0 |  1198
           D:4 |       0 |     575 |   0.0 |       0 |      13 |   0.0 |  1539
           D:5 |       0 |    1501 |   0.0 |       0 |      21 |   0.0 |  2030
           D:6 |       0 |     297 |   0.0 |       0 |      18 |   0.0 |  1917
           D:7 |       0 |    1765 |   0.0 |       0 |      17 |   0.0 |  1208
           D:8 |       0 |    1112 |   0.0 |       0 |      19 |   0.0 |  1539
           D:9 |       0 |    3251 |   0.0 |       0 |      34 |   0.0 |  3624
          D:10 |       0 |    5101 |   0.0 |       0 |      41 |   0.0 |  2331
          D:11 |       0 |    2199 |   0.0 |       0 |      24 |   0.0 |  1929
          D:12 |       0 |    4016 |   0.0 |       0 |      38 |   0.0 |  1063
          D:13 |       0 |    7532 |   0.0 |       0 |      30 |   0.0 |  1130
          D:14 |       0 |    9989 |   0.0 |       0 |      31 |   0.0 |  1061
          D:15 |       0 |   17104 |   0.0 |       0 |      42 |   0.0 |  2009
        Lair:1 |       0 |    2647 |   0.0 |       0 |      14 |   0.0 |  2148
        Lair:2 |       0 |    4883 |   0.0 |       0 |      16 |   0.0 |  2216
        Lair:3 |       0 |    5300 |   0.0 |       0 |      34 |   0.0 |  2937
        Lair:4 |       0 |    6068 |   0.0 |       0 |      28 |   0.0 |  1768
        Lair:5 |       0 |    7106 |   0.0 |       0 |      26 |   0.0 |  1836
        Lair:6 |       0 |   24567 |   0.0 |       0 |      91 |   0.0 |  3630
      Spider:1 |       0 |    3571 |   0.0 |       0 |      13 |   0.0 |  1013
      Spider:2 |       0 |    4194 |   0.0 |       0 |       6 |   0.0 |   180
         Orc:1 |       0 |    6860 |   0.0 |       0 |      28 |   0.0 |  1146
         Orc:2 |       0 |    8221 |   0.0 |       0 |      68 |   0.0 |  2054
        Bailey |       0 |    1727 |   0.0 |       0 |      21 |   0.0 |   457
       Volcano |       0 |    8127 |   0.0 |       0 |      27 |   0.0 |  1675
               +---------+---------+-------+---------+---------+-------+---------
